AoeStats
← the shy

African Clearing

503799248Analyzed
4v4 RM · 1mo ago on Sep 2, 2026· 56m 33s· 8 players
Game mode
Random Map
Map size
Large (8 player)
Population
200
Speed
Normal
Resources
Standard
Victory
Conquest
Starting age
Dark Age
Ending age
Imperial Age
RankedLock teamsTeams togetherTeam positionsShared explorationLock speedFull tech treeHidden civsTurbo modeCheats
Victory
Defeat
🇨🇳 Mongols · China
1707
+11
🇨🇳 Burmese · China
1674
+12
🇨🇳 Japanese · China
1672
+13
🇨🇳 Huns · China
1592
+16
🇨🇳 Spanish · China
1711
-18
🇨🇳 Mongols · China
1621
-14
🇨🇳 Koreans · China
1593
-13
🇨🇳 Armenians · China
1462
-8
清远华
13:09 Feudal Age
17:11 Castle Age
16:11 Double-Bit Axe
18:43 Bow Saw
18:21 Horse Collar
21:42 Loom
24:16 Town Watch
25:07 Wheelbarrow
24:31 Stone Mining
25:01 Gold Mining
25:06 Fletching
26:28 Hand Cart
28:57 Ballistics
29:19 Bodkin Arrow
29:53 Padded Archer Armor
30:30 Gold Shaft Mining
33:47 Imperial Age
31:23 Husbandry
32:23 Stone Shaft Mining
32:08 Bloodlines
32:39 Leather Archer Armor
33:49 Elite Mangudai
34:50 Conscription
35:57 Bracer
37:02 Chemistry
35:23 Light Cavalry
36:08 Heavy Plow
37:15 Drill
37:46 Thumb Ring
38:07 Parthian Tactics
37:04 Hussar
37:51 Scale Barding Armor
37:56 Forging
38:07 Capped Ram
39:27 Siege Ram
40:05 Onager
42:34 Siege Onager
44:25 Hoardings
46:43 Siege Engineers
50:36 Chain Barding Armor
50:52 Iron Casting
the shy
15:08 Feudal Age
16:02 Loom
18:53 Castle Age
16:41 Double-Bit Axe
17:42 Fishing Lines
21:31 Wheelbarrow
21:37 Bow Saw
22:33 Hand Cart
37:34 Horse Collar
41:51 Heavy Plow
45:39 Fletching
46:18 Bodkin Arrow
46:20 Gold Mining
51:09 Imperial Age
48:51 Scale Mail Armor
49:02 Forging
48:56 Town Watch
49:25 Husbandry
49:35 Bloodlines
50:08 Gold Shaft Mining
49:37 Stone Mining
49:53 Squires
49:13 Pikeman
50:09 Padded Archer Armor
50:26 Chain Mail Armor
50:22 Man-at-Arms
51:42 Iron Casting
52:18 Conscription
51:32 Halberdier
53:53 Blast Furnace
52:54 Bracer
55:13 Chemistry
57:00 Two-Man Saw
回忆里太多好
12:27 Loom
14:58 Feudal Age
15:35 Fishing Lines
18:44 Castle Age
17:21 Double-Bit Axe
18:45 Fletching
19:03 Town Watch
19:53 Wheelbarrow
19:39 Bodkin Arrow
21:13 Padded Archer Armor
21:39 Bow Saw
25:30 Hand Cart
25:26 Husbandry
27:28 Ballistics
27:32 Horse Collar
28:55 Bloodlines
29:50 Gillnets
31:54 Leather Archer Armor
35:07 Imperial Age
36:22 Bracer
38:23 Chemistry
38:52 Thumb Ring
39:13 Parthian Tactics
39:21 Conscription
39:27 Heavy Cavalry Archer
39:41 Elite Skirmisher
43:41 Coinage
43:18 Caravan
43:23 Yasama
44:01 Kataparuto
43:43 Yasama
44:35 Siege Engineers
44:11 Treadmill Crane
44:42 Masonry
45:24 Banking
47:50 Pikeman
48:30 Squires
48:46 Scale Mail Armor
48:57 Forging
49:17 Ring Archer Armor
54:12 Chain Mail Armor
54:08 Forging
55:36 Plate Mail Armor
54:29 Halberdier
mesa
8:11 Loom
13:05 Feudal Age
13:31 Feudal Age
17:23 Castle Age
18:49 Horse Collar
29:46 Town Watch
31:01 Padded Archer Armor
35:14 Gold Mining
37:57 Scale Barding Armor
38:03 Forging
45:45 Husbandry
46:54 Bloodlines
49:15 Imperial Age
47:20 Wheelbarrow
48:29 Hand Cart
51:27 Gold Shaft Mining
51:41 Chain Barding Armor
51:42 Conscription
51:22 Howdah
53:17 Plate Barding Armor
52:48 Elite Battle Elephant
55:14 Iron Casting
56:55 Blast Furnace
BiliBili风间
11:56 Feudal Age
15:53 Castle Age
13:57 Double-Bit Axe
17:40 Padded Archer Armor
18:32 Horse Collar
19:01 Loom
27:44 Leather Archer Armor
30:18 Wheelbarrow
30:41 Town Watch
34:55 Bow Saw
36:49 Hand Cart
36:31 Gold Mining
37:33 Stone Mining
40:20 Imperial Age
38:54 Bloodlines
38:44 Husbandry
38:55 Scale Barding Armor
39:00 Forging
39:35 Stone Shaft Mining
39:12 Heavy Plow
39:36 Fletching
40:18 Masonry
41:14 Chain Barding Armor
40:52 Bodkin Arrow
41:32 Iron Casting
40:34 Cavalier
42:48 Plate Barding Armor
42:10 Light Cavalry
42:58 Paladin
45:30 Blast Furnace
46:33 Bracer
47:36 Chemistry
46:58 Ballistics
47:08 Architecture
48:22 Supremacy
49:37 Bombard Tower
49:51 Architecture
50:33 Murder Holes
50:12 Hussar
54:43 Sappers
55:34 Conscription
54:47 Capped Ram
快乐大唐果
13:02 Feudal Age
11:30 Loom
13:48 Double-Bit Axe
16:49 Castle Age
18:39 Bow Saw
18:44 Town Watch
19:27 Gold Mining
20:10 Fletching
20:56 Stone Mining
30:18 Horse Collar
31:25 Ballistics
31:03 Bodkin Arrow
31:56 Heated Shot
33:43 Wheelbarrow
39:47 Husbandry
41:04 Thumb Ring
42:45 Eupseong
46:44 Murder Holes
46:52 Pikeman
47:33 Squires
47:18 Arson
47:19 Gambesons
51:33 Hand Cart
54:07 Heavy Plow
56:42 Scale Mail Armor
56:53 Forging
野猪杀手辣哥
12:05 Feudal Age
12:36 Double-Bit Axe
13:51 Loom
14:59 Forging
16:04 Bloodlines
18:08 Wheelbarrow
18:08 Loom
23:07 Castle Age
20:59 Horse Collar
22:43 Scale Barding Armor
23:51 Heavy Plow
24:04 Bow Saw
25:17 Gold Mining
24:51 Light Cavalry
28:23 Chain Barding Armor
28:36 Husbandry
29:34 Town Watch
33:27 Gold Shaft Mining
34:20 Hand Cart
38:14 Imperial Age
36:13 Padded Archer Armor
36:50 Iron Casting
36:12 Fletching
36:38 Elite Skirmisher
37:35 Leather Archer Armor
38:17 Stone Mining
38:36 Bodkin Arrow
39:22 Ballistics
40:02 Chemistry
40:27 Ring Archer Armor
40:35 Conscription
40:29 Masonry
40:36 Bracer
43:07 Blast Furnace
42:21 Guilds
43:38 Squires
43:00 Man-at-Arms
43:25 Gambesons
43:22 Capped Ram
44:10 Long Swordsman
44:47 Two-Handed Swordsman
45:49 Fereters
46:57 Arson
47:09 Pikeman
47:59 Scale Mail Armor
47:48 Halberdier
51:13 Chain Mail Armor
55:43 Plate Mail Armor
Hash-
10:47 Loom
12:32 Feudal Age
14:26 Double-Bit Axe
17:02 Castle Age
15:48 Fletching
18:13 Bow Saw
22:23 Bodkin Arrow
29:11 Horse Collar
31:29 Wheelbarrow
32:23 Ballistics
34:01 Padded Archer Armor
37:11 Imperial Age
36:15 Leather Archer Armor
36:16 Husbandry
37:19 Bloodlines
38:03 Bracer
40:03 Chemistry
39:56 Hand Cart
40:00 Thumb Ring
39:40 Elite Mangudai
41:37 Conscription
42:26 Parthian Tactics
44:23 Elite Skirmisher
47:26 Scale Barding Armor
47:31 Forging
47:17 Light Cavalry
48:04 Hussar
49:33 Chain Barding Armor
49:48 Iron Casting
52:47 Heavy Camel Rider
52:55 Heavy Camel Rider
Connection lost

Rejoining the realm…

Still unreachable

The connection could not be restored.

Session expired

The server has moved on; the page needs a fresh start.